cohdb
Replays
Latest Replays
All Replays
Popular Replays
Top Player Replays
Match Explorer
How It Works
Community
CoH3 Stats
Reddit
Sign in to upload your games and track your stats! →
Sign in with Steam
Match 44904288
Unlisted
Match 44904288
Overview
Messages
Build Orders
End
Kradschützen Motorcycle Team
Panzerpioneer Squad
Selects Armored Support Battlegroup
Panzerpioneer Squad
Construct Light Support Kompanie
250 Light Carrier
Combat Half-tracks
250 Light Carrier
Selects Superior Fire Drills
Panzerjäger Squad
Assault Mechanized Group
Fire Support Elements
Flakvierling Half-track
Vehicle Survival Package
Selects Flammpanzer III Medium Tank
Flammpanzer III Medium Tank
Flammpanzer III Medium Tank
Construct Panzerarmee Kommand
Selects Salvage Kits
Selects Panzer Storm
Walking Stuka Rocket Launcher
Pak 38 Mechanized Group
Emergency Repair Kits
Gwangju's Hero Chun Doo-gwang
sarigom
유유
Felippe
torbjornuser
카츄사
JT
只出曲线
0
0
Comments
sign in to comment!
No comments posted yet!